Description

ESL SC2 Masters Spring is the penultimate event of the 23/24 season of ESL StarCraft II Pro Tour: new up & coming players joining the glorious StarCraft champions are ready to compete for a $100,000 prize pool and four direct slots in the record-breaking StarCraft II Championship at the Esports World Cup with $1,000,000 prize pool. The tournament is played across three days, from May 31st to June 2nd, at DreamHack Dallas.

VOD

https://youtu.be/1SXthxDUODM?si=_uqp4Au-oK9hTpYC

Replay - Maru v Serral: Game 2 - [ESL] Ghost River

Build Order

Get SALT Encoding   

  12  0:00  Drone  
  13  0:08  Drone  
  14  0:14  Extractor  
  14  0:15  Drone  
  15  0:36  Hatchery  
  15  0:41  Drone, Extractor  
  15  0:47  Overlord  
  15  1:02  Spawning Pool  
  14  1:05  Drone x2  
  16  1:12  Drone x2  
  18  1:27  Drone  
  19  1:38  Drone  
  20  1:48  Queen x2  
  20  1:49  Zergling x2  
  20  1:51  Overlord  
  31  2:24  Queen x2  
  35  2:31  Overlord  
  36  2:46  Hatchery  
  36  2:48  Extractor  
  43  3:06  Overlord  
  44  3:16  Roach Warren  
  44  3:23  Extractor  
  52  3:40  Overlord  
  52  4:00  Roach x6  
  65  4:07  Queen  
  67  4:38  Lair  
  78  4:50  Spore Crawler  
  79  4:55  Spore Crawler x2  
  77  5:01  Hatchery  
  83  5:09  Evolution Chamber x2  
  84  5:20  Extractor x2  
  85  5:27  Queen  
  90  5:29  Extractor x2  
  90  5:35  Roach  
  90  5:36  Overseer  
  90  5:39  Zerg Missile Weapons Level 1  
  90  5:41  Zerg Ground Armor Level 1  
  94  5:53  Infestation Pit  
  101  6:03  Glial Reconstitution  
  107  6:12  Overseer  
  107  6:15  Extractor x2  
  105  6:18  Queen  
  105  6:24  Roach x3  
  121  6:36  Hive  
  121  6:38  Metabolic Boost  
  129  6:51  Infestor x2  
  131  6:58  Zergling x12  
  138  7:13  Zergling x6  
  150  7:35  Zerg Melee Weapons Level 1, Ravager x6  
  151  7:37  Zerg Ground Armor Level 2  
  155  7:44  Spore Crawler  
  153  7:53  Ultralisk Cavern  
  163  8:02  Hatchery  
  163  8:15  Adrenal Glands  
  163  8:24  Hatchery  
  162  8:40  Ultralisk x5, Chitinous Plating  
  192  8:53  Ultralisk  
  198  8:57  Spore Crawler x4  
  198  9:01  Ultralisk  
  200  9:05  Baneling Nest  
  201  9:29  Pneumatized Carapace  
  201  9:43  Overseer  
  199  9:59  Anabolic Synthesis  
  176  10:05  Ultralisk x2  
  182  10:11  Ultralisk  
Spawning Tool Build Advisor. Get it on Overwolf

Go to:

Details

  • Created by: lkojr89
  • Published on: Jun 21, 2024
  • Modified on: Jun 21, 2024
  • Patch: 5.0.11
  • Difficulty: Hard
Show
View Real Time Build Order
Export as new Build Order

Comments (0)

There are no comments. Be the first!

Create an account to comment!